 Dungeon Crawl Stone Soup version 0.20.0-4-g10b340a (webtiles) character file.

37385 anfisbena the Carver (level 13, -1/72 HPs)
             Began as a Vine Stalker Fighter on May 27, 2017.
             Was a Priest of Uskayaw.
             Slain by a spiny frog (5 damage)
             ... on level 6 of the Lair of Beasts.
             The game lasted 00:21:37 (13774 turns).

anfisbena the Carver (Vine Stalker Fighter)        Turns: 13774, Time: 00:21:38

Health: -1/72      AC: 26    Str: 20    XL:     13   Next: 96%
Magic:  0/27       EV:  2    Int:  8    God:    Uskayaw [***...]
Gold:   1239       SH:  0    Dex: 23    Spells: 12/12 levels left

rFire    . . .     SeeInvis .   b - +4 long sword (flame)
rCold    + . .     Gourm    .   c - +0 shield
rNeg     + + +     Faith    .   E - +1 crystal plate armour
rPois    ∞         Spirit   +   (no helmet)
rElec    +         Reflect  +   r - +0 cloak
rCorr    .         Harm     .   I - +2 pair of gloves
MR       +....                  (no boots)
Stlth    ..........             k - +5 amulet of reflection
Regen    1.1/turn               e - ring of protection from fire
MPRegen  0.2/turn               d - ring "Rufowip" {rElec rF- rC+ MP+9 Dex+5}

@: petrified, very slightly contaminated
A: fangs 3, regeneration 2, magic shield, antimagic bite, no potion heal 3, rot
immunity
a: Stomp, Line Pass, Renounce Religion


You were on level 6 of the Lair of Beasts.
You worshipped Uskayaw.
Uskayaw was noncommittal.
You were hungry.

You visited 3 branches of the dungeon, and saw 18 of its levels.
You also visited: Ossuary.

You collected 1239 gold pieces.

Inventory:

Hand Weapons
 b - a +4 long sword of flaming (weapon)
Armour
 c - a +0 shield (worn)
 r - a +0 cloak (worn)
 E - a +1 crystal plate armour (worn)
 I - a +2 pair of gloves (worn)
 Q - a +0 helmet
Jewellery
 d - the ring "Rufowip" (right hand) {rElec rF- rC+ MP+9 Dex+5}
   (You took it off an orc sorcerer on level 10 of the Dungeon)

   [ring of protection from cold]

   It affects your dexterity (+5).
   It makes you vulnerable to fire.
   It protects you from cold.
   It insulates you from electricity.
   It affects your magic capacity (+9).
 e - a ring of protection from fire (left hand)
 k - a +5 amulet of reflection (around neck)
 L - an uncursed ring of see invisible {unknown}
Wands
 v - a wand of lightning (4/15)
 O - a wand of scattershot (2/9)
 P - a wand of acid (5/15)
 S - a wand of disintegration (13/24)
Scrolls
 j - 5 scrolls of magic mapping
 m - 5 scrolls of blinking
 u - 7 scrolls of amnesia
 w - 3 scrolls of remove curse
 x - 3 scrolls of fear
 A - 2 scrolls of enchant armour
 B - 10 scrolls of teleportation
 C - a scroll of vulnerability {unknown}
 H - 5 scrolls of identify
 J - a scroll of recharging {unknown}
 M - a scroll of acquirement {unknown}
 N - 2 scrolls of fog {unknown}
 R - a scroll of enchant weapon {unknown}
Potions
 a - a potion of berserk rage {unknown}
 g - 2 potions of degeneration {unknown}
 h - 2 potions of haste {unknown}
 l - a potion of resistance {unknown}
 o - 5 potions of ambrosia
 p - 3 potions of mutation {unknown}
 q - 2 potions of magic {unknown}
 t - a potion of agility
 z - 2 potions of invisibility {unknown}
 D - 3 potions of flight
 F - 7 potions of curing
 K - 2 potions of might
 T - a potion of cancellation {unknown}
Books
 y - a book of Minor Magic

   Spells                             Type                      Level
   a - Magic Dart                     Conjuration                  1
   b - Blink                          Translocation                2
   c - Call Imp                       Summoning                    2
   d - Slow                           Hexes                        2
   e - Conjure Flame                  Conjuration/Fire             3
   f - Mephitic Cloud                 Conjuration/Poison/Air       3
 G - a book of Transfigurations

   Spells                             Type                      Level
   a - Irradiate                      Conjuration/Transmutation    5
   b - Statue Form                    Transmutation/Earth          6
   c - Hydra Form                     Transmutation                6
   d - Dragon Form                    Transmutation                7
Comestibles
 f - 11 bread rations
 i - 7 fruits
 n - 8 royal jellies
 s - 7 meat rations
 U - 26 chunks of flesh


   Skills:
 - Level 10.0 Fighting
 - Level 14.0 Long Blades
 - Level 10.0 Armour
 + Level 7.4 Stealth
 + Level 4.8 Shields
 + Level 5.7 Invocations


You had 12 spell levels left.
You didn't know any spells.

Dungeon Overview and Level Annotations

Branches:
Dungeon (11/15)            Temple (1/1) D:6            Lair (6/6) D:11
  Swamp (0/4) Lair:4        Snake (0/4) Lair:4        Slime (0/5) Lair:5
    Orc (0/2) D:11

Altars:
Ashenzari
Cheibriados
Dithmenos
Elyvilon
Fedhas
Gozag
Hepliaklqana
Makhleb
Okawaru
Qazlal
Ru
Sif Muna
Trog
Uskayaw
Vehumet
Xom
Yredelemnul
Zin
The Shining One

Shops:
D:5 (


Innate Abilities, Weirdness & Mutations

You have razor-sharp teeth.
You heal very quickly.
When hurt, damage is shared between your health and your magic reserves.
Your bite disrupts and absorbs the magic of your enemies.
Potions cannot restore your health.
You are immune to rotting.


Message History

The bullfrog hits you but does no damage.
The spiny frog stings you but does no damage.
The bullfrog releases a deep croak.
The vampire mosquito bites you but does no damage.
The spiny frog stings you but does no damage.
The bullfrog hits you but does no damage.
The black mamba bites you but does no damage.
The spiny frog stings you.
* * * LOW HITPOINT WARNING * * *
The spiny frog stings you but does no damage.
The vampire mosquito bites you but does no damage.
The black mamba bites you but does no damage.
The spiny frog stings you but does no damage.
The vampire mosquito bites you but does no damage.
The bullfrog hits you.
* * * LOW HITPOINT WARNING * * *
The spiny frog stings you!
* * * LOW HITPOINT WARNING * * *
The spiny frog stings you!
You die...

.............P.........
..P.....÷...#†.P.......
...P...........PP..8.8.
...P.......!.).........
................P.....
...........l....PP..
.........wlFF.......
..<.......SyF.......
.........FF@Fl....#
............F..PP##
......#.........#
......#.......F#
####.#...#.#..# #
.....##.#.. ##..## #!.
...


You could see a komodo dragon, a black mamba, 4 spiny frogs, 2 basilisks, a
swamp worm, 2 blink frogs, a vampire mosquito and 2 bullfrogs.

Vanquished Creatures
  Snorg (D:11)
  Harold (D:11)
  Fannar (D:11)
  2 hydras
  4 two-headed ogres
  4 death yaks (Lair:4)
  Sonja (D:11)
  2 unseen horrors
  2 ugly things (D:11)
  A deep elf mage (D:10)
  A manticore (D:10)
  An orc sorcerer (D:10)
  A cyclops (shapeshifter) (D:10)
  2 black mambas
  A torpor snail (Lair:4)
  Psyche (D:8)
  A gargoyle (D:10)
  12 spiny frogs
  2 kobold demonologists (D:10)
  2 komodo dragons
  A tengu conjurer (D:10)
  2 trolls
  A polar bear (Lair:4)
  2 hornets
  17 blink frogs
  3 hippogriffs
  3 dream sheep
  A wraith (D:11)
  14 yaks
  A spriggan (D:8)
  4 wyverns
  2 hungry ghosts (D:10)
  2 vampire mosquitoes (Lair:6)
  3 basilisks (Lair:6)
  3 swamp worms (Lair:4)
  A soldier ant (D:10)
  8 water moccasins
  6 porcupines
  Duvessa (D:7)
  An ice beast (D:9)
  5 orc warriors
  2 phantoms
  A sky beast (D:5)
  3 black bears
  A necrophage (D:10)
  6 ogres
  9 wolves
  4 boggarts (Lair:4)
  4 centaurs
  7 crocodiles
  A big kobold (D:10)
  An elf zombie (Ossuary)
  Blork the orc (D:5)
  13 bullfrogs
  A wyvern zombie (D:10)
  Dowan (D:7)
  8 scorpions
  12 killer bees
  3 wights (D:10)
  A howler monkey (D:7)
  An electric eel (Lair:4)
  2 crimson imps
  A quasit (D:10)
  2 bullfrog zombies
  3 centaur skeletons
  A centaur zombie (D:5)
  3 human zombies (Ossuary)
  2 jellies
  5 hounds
  11 orc priests
  A bullfrog skeleton (D:7)
  9 orc wizards
  10 worker ants
  A big kobold zombie (Ossuary)
  2 hound skeletons
  4 mummies (Ossuary)
  A worker ant zombie (D:8)
  4 gnolls (D:6)
  A howler monkey skeleton (D:10)
  10 adders
  8 oozes
  4 leopard geckos
  48 orcs
  7 giant cockroaches
  7 goblins
  6 hobgoblins
  10 jackals
  2 quokkas
  2 ball pythons
  8 bats
  5 frilled lizards
  3 hobgoblin zombies (Ossuary)
  4 kobolds
  A leopard gecko skeleton (D:4)
  3 orc zombies (Ossuary)
  7 rats
  A rat zombie (Ossuary)
  A plant (Lair:1)
404 creatures vanquished.

Vanquished Creatures (others)
  An orc (D:6)
  3 fungi
  12 plants (Lair:6)
16 creatures vanquished.

Grand Total: 420 creatures vanquished

Notes
Turn   | Place    | Note
-------+----------+-------------------------------------------
     0 | D:1      | anfisbena the Vine Stalker Fighter began the quest for the Orb.
     0 | D:1      | Reached XP level 1. HP: 11/11 MP: 2/2
    53 | D:1      | Reached skill level 2 in Long Blades
   155 | D:1      | Reached XP level 2. HP: 16/16 MP: 3/3
   283 | D:1      | Reached XP level 3. HP: 20/20 MP: 4/4
   865 | D:2      | Found a blossoming altar of Fedhas.
  1400 | D:3      | Noticed an orc warrior
  1448 | D:2      | Gained mutation: Your natural rate of healing is unusually fast. [Vine Stalker growth]
  1448 | D:2      | Reached XP level 4. HP: 10/25 MP: 5/5
  1717 | D:3      | Reached skill level 3 in Long Blades
  1720 | D:3      | Killed an orc warrior
  1720 | D:3      | Reached XP level 5. HP: 10/30 MP: 6/6
  2012 | D:4      | Reached skill level 4 in Long Blades
  2012 | D:4      | Reached XP level 6. HP: 11/35 MP: 7/7
  2266 | D:4      | Reached skill level 5 in Fighting
  2476 | D:4      | Reached XP level 7. HP: 31/39 MP: 8/8
  2641 | D:4      | Found a snail-covered altar of Cheibriados.
  2812 | D:5      | Entered Level 5 of the Dungeon
  2812 | D:5      | Noticed Blork the orc
  2823 | D:5      | Killed Blork the orc
  2879 | D:5      | Reached skill level 5 in Long Blades
  3134 | D:5      | Found Faibowaum's Antique Weapon Boutique.
  3216 | D:5      | Found a blossoming altar of Fedhas.
  3245 | D:5      | Found a radiant altar of Vehumet.
  3289 | D:5      | Gained mutation: You have razor-sharp teeth. [Vine Stalker growth]
  3289 | D:5      | Reached XP level 8. HP: 45/45 MP: 9/9
  3659 | D:6      | Reached skill level 6 in Long Blades
  3787 | D:6      | Found a staircase to the Ecumenical Temple.
  3880 | Temple   | Entered the Ecumenical Temple
  4040 | Temple   | Became a worshipper of Uskayaw the Reveler
  4109 | D:6      | Reached * piety under Uskayaw
  4111 | D:6      | Reached ** piety under Uskayaw
  4307 | D:7      | Noticed Duvessa
  4309 | D:7      | Noticed Dowan
  4311 | D:7      | Reached *** piety under Uskayaw
  4312 | D:7      | Killed Duvessa
  4876 | D:7      | Reached skill level 7 in Long Blades
  4907 | D:7      | Reached XP level 9. HP: 47/51 MP: 10/10
  4912 | D:7      | Reached **** piety under Uskayaw
  5438 | D:7      | Killed Dowan
  5551 | D:8      | Found a sand-covered staircase.
  5559 | Ossuary  | Entered an ossuary
  5606 | Ossuary  | Reached ***** piety under Uskayaw
  5849 | D:8      | Reached skill level 8 in Long Blades
  6126 | D:8      | Noticed Psyche
  6134 | D:8      | Killed Psyche
  6279 | D:8      | Killed an unseen horror
  6279 | D:8      | Reached skill level 9 in Long Blades
  6279 | D:8      | Reached XP level 10. HP: 29/58 MP: 11/11
  6509 | D:9      | Got a faintly humming ring mail
  6520 | D:9      | Identified the +1 ring mail of Resonance {Int+4 Dex+4} (You found it on level 9 of the Dungeon)
  7303 | D:9      | Reached skill level 10 in Fighting
  7454 | D:10     | Entered Level 10 of the Dungeon
  7548 | D:10     | Reached skill level 10 in Long Blades
  7722 | D:10     | Killed an unseen horror
  7735 | D:10     | Noticed a cyclops
  7746 | D:10     | Noticed a two-headed ogre
  7748 | D:10     | Noticed a deep elf mage
  7749 | D:10     | Noticed a two-headed ogre
  7750 | D:10     | Noticed a manticore
  7753 | D:10     | Noticed a five-headed hydra
  7753 | D:10     | Noticed a kobold demonologist
  7776 | D:10     | Killed a two-headed ogre
  7776 | D:10     | Reached skill level 5 in Armour
  7776 | D:10     | Reached XP level 11. HP: 50/63 MP: 12/12
  7780 | D:10     | Killed an eight-headed hydra
  7780 | D:10     | Reached skill level 11 in Long Blades
  7819 | D:10     | Killed a two-headed ogre
  7823 | D:10     | Noticed a salamander
  7823 | D:10     | a komodo dragon changed into a salamander
  7824 | D:10     | a salamander changed into an eye of draining
  7831 | D:10     | Noticed a cyclops
  7831 | D:10     | a komodo dragon changed into a cyclops
  7832 | D:10     | Killed a cyclops
  7839 | D:10     | Killed a manticore
  7849 | D:10     | Reached ****** piety under Uskayaw
  7906 | D:10     | Noticed an orc sorcerer
  7917 | D:10     | Killed an orc sorcerer
  8182 | D:10     | Killed a deep elf mage
  8223 | D:10     | Got a scintillating marble ring
  8520 | D:10     | Identified the ring "Rufowip" {rElec rF- rC+ MP+9 Dex+5} (You took it off an orc sorcerer on level 10 of the Dungeon)
  8676 | D:11     | Noticed Fannar
  8695 | D:11     | Reached skill level 12 in Long Blades
  8701 | D:11     | Noticed Snorg
  8701 | D:11     | Killed Fannar
  8702 | D:11     | Noticed a white ugly thing
  8716 | D:11     | Killed a white ugly thing
  8716 | D:11     | Gained mutation: You heal very quickly. [Vine Stalker growth]
  8716 | D:11     | Reached XP level 12. HP: 58/67 MP: 13/13
  8719 | D:11     | Killed Snorg
  8784 | D:11     | Noticed a two-headed ogre
  8790 | D:11     | Killed a two-headed ogre
  8890 | D:11     | Found a staircase to the Lair.
  8913 | D:11     | Noticed Sonja
  8924 | D:11     | Killed Sonja
  9038 | D:11     | Found a staircase to the Orcish Mines.
  9404 | D:11     | Noticed a two-headed ogre
  9411 | D:11     | Killed a two-headed ogre
  9430 | D:11     | Noticed Harold
  9454 | D:11     | Killed Harold
  9537 | D:11     | Reached skill level 13 in Long Blades
  9573 | Lair:1   | Entered Level 1 of the Lair of Beasts
 11056 | Lair:3   | Reached XP level 13. HP: 72/72 MP: 14/14
 11070 | Lair:3   | Reached skill level 10 in Armour
 11081 | Lair:3   | Reached skill level 1 in Stealth
 11088 | Lair:3   | Reached skill level 1 in Invocations
 11640 | Lair:4   | Found a staircase to the Snake Pit.
 11699 | Lair:4   | Reached skill level 14 in Long Blades
 12120 | Lair:4   | Found a staircase to the Swamp.
 12163 | Lair:4   | Reached skill level 5 in Stealth
 12668 | Lair:5   | Found a staircase to the Slime Pits.
 13521 | Lair:5   | Reached skill level 5 in Invocations
 13666 | Lair:6   | Entered Level 6 of the Lair of Beasts
 13774 | Lair:6   | Slain by a spiny frog

Skill      XL: |  1  2  3  4  5  6  7  8  9 10 11 12 13 |
---------------+----------------------------------------+-----
Long Blades    | 2 3 4 5 7 9 10 12 13 14 | 14.0
Fighting       | 3 4 5 6 7 9 10 | 10.0
Armour         | 5 7 9 10 | 10.0
Stealth        | 7 |  7.4
Invocations    | 5 |  5.7
Shields        | 4 |  4.8

Action                   |  1- 3 |  4- 6 |  7- 9 | 10-12 | 13-15 || total
-------------------------+-------+-------+-------+-------+-------++-------
Melee: Long sword        |   115 |   104 |   418 |   613 |   364 ||  1614
       Bite              |    26 |    41 |   182 |   238 |   177 ||   664
Invok: Grand Finale      |       |       |       |     1 |       ||     1
       Line Pass         |       |       |       |       |     1 ||     1
  Use: Scroll            |     1 |       |    11 |     4 |     1 ||    17
       Potion            |       |     1 |       |     5 |     1 ||     7
 Stab: Paralysed         |       |       |     8 |    21 |    21 ||    50
  Eat: Chunk             |     2 |     3 |    13 |    19 |     9 ||    46
       Fruit             |       |       |       |     2 |       ||     2
Armor: Scale mail        |    14 |       |       |       |       ||    14
       Chain mail        |    45 |    27 |   113 |       |       ||   185
       Crystal plate arm |       |       |    62 |   356 |   250 ||   668
       Plate armour      |       |       |    27 |       |       ||    27
Dodge: Dodged            |    36 |    12 |    61 |    20 |     8 ||   137
Block: Shield            |   104 |    83 |   314 |   443 |   217 ||  1161
       Reflection        |       |       |     5 |     9 |       ||    14
       Rpst.: Long sword |     8 |     2 |    18 |     2 |     1 ||    31
